 Dungeon Crawl Stone Soup version 0.20.1-1-g8b1a95d (webtiles) character file.

2770 froobite the Basher (level 9, -1/81 HPs)
             Began as a Minotaur Berserker on July 31, 2017.
             Was a High Priest of Trog.
             Slain by a hell rat (7 damage)
             ... on level 8 of the Dungeon.
             The game lasted 00:54:50 (5464 turns).

froobite the Basher (Minotaur Berserker)            Turns: 5464, Time: 00:54:51

Health: -1/81      AC: 14    Str: 22    XL:     9   Next: 42%
Magic:  8/8        EV: 10    Int:  6    God:    Trog [*****.]
Gold:   378        SH:  0    Dex: 11    Spells: 8/8 levels left

rFire    x . .     SeeInvis .   a - +2 mace
rCold    + . .     Gourm    .   (no shield)
rNeg     + + .     Faith    .   l - +1 chain mail {rN+}
rPois    .         Spirit   .   (helmet restricted)
rElec    .         Reflect  .   (no cloak)
rCorr    .         Harm     .   r - +0 pair of gloves
MR       .....                  p - +0 pair of boots
Stlth    ..........             (no amulet)
Regen    0.3/turn               v - ring of positive energy
MPRegen  0.2/turn               o - ring of ice

@: hasted, very quick
A: retaliatory headbutt, horns 2
a: Berserk, Trog's Hand, Brothers in Arms, Burn Spellbooks, Renounce Religion


You were on level 8 of the Dungeon.
You worshipped Trog.
Trog was extremely pleased with you.
You were not hungry.

You visited 1 branch of the dungeon, and saw 8 of its levels.

You collected 378 gold pieces.

Inventory:

Hand Weapons
 a - a +2 mace (weapon)
Missiles
 e - 8 tomahawks (quivered)
Armour
 b - a +0 animal skin
 h - a +1 chain mail
 l - a +1 chain mail of positive energy (worn)
 p - a +0 pair of boots (worn)
 r - a +0 pair of gloves (worn)
Jewellery
 d - an uncursed ring of magical power {unknown}
 k - an uncursed ring of protection from cold
 m - an uncursed ring of wizardry
 o - a ring of ice (right hand)
 v - a ring of positive energy (left hand)
Scrolls
 g - 2 scrolls of recharging
 i - a scroll of fear
 n - a scroll of amnesia
 z - 3 scrolls of magic mapping
 B - a scroll of remove curse
Potions
 f - a potion of agility
 j - a potion of haste
 q - a potion of mutation
 t - 3 potions of curing
 x - a potion of magic {unknown}
 A - a potion of berserk rage {unknown}
Comestibles
 c - 2 bread rations
 s - a meat ration


   Skills:
 + Level 8.2 Fighting
 + Level 10.8 Maces & Flails
 + Level 1.2 Throwing
 + Level 7.7 Armour
 + Level 4.8 Dodging
 + Level 0.5 Stealth


You had 8 spell levels left.
You didn't know any spells.

Dungeon Overview and Level Annotations

Branches:
Dungeon (8/15)             Temple (0/1) D:6
   Lair: D:8-11

Altars:
Cheibriados
Dithmenos
Gozag
Ru
Zin

Shops:
D:2 *   D:5 (


Innate Abilities, Weirdness & Mutations

You reflexively headbutt those who attack you in melee.
You have a pair of horns on your head.


Message History

* * * LOW HITPOINT WARNING * * *
The worker ant barely misses you.
The hell rat bites you but does no damage.
You feel yourself speed up. The worker ant bites you.
* * * LOW HITPOINT WARNING * * *
The death yak barely misses you. x2
The death yak completely misses you. You furiously retaliate!
You headbutt the death yak.
You see here a spear.
The hell rat twitches its whiskers.
The hell rat twitches its whiskers.
You hit the hell rat.
The hell rat is moderately wounded.
The hell rat bites you but does no damage.
You hit the hell rat.
The hell rat is heavily wounded.
You hit the hell rat but do no damage.
The hell rat is heavily wounded.
The hell rat bites you!
You die...

....#####..........#
..#....##..........#
..#.....###.#/######
..####......#.#
...####.....#.##
.......##......##
.#...........a..#
.#...........YYr####
...........Y..#r@..#
.>.......r./..#....#
..............r....#
.............##....#
...........#########
.........###
..........#
...........


You could see 2 death yaks, 3 hell rats and a worker ant.

Vanquished Creatures
  A hungry ghost (D:8)
  Eustachio (D:5)
  Edmund (D:5)
  Duvessa (D:6)
  An ice beast (D:5)
  2 orc warriors
  2 sky beasts
  3 ogres
  A centaur (D:6)
  Blork the orc (D:6)
  A bullfrog (D:6)
  Dowan (D:6)
  A wyvern skeleton (D:6)
  4 wights (D:7)
  A crimson imp (D:7)
  A centaur zombie (D:6)
  3 hounds
  2 centaur skeletons (D:4)
  3 orc priests
  Jessica (D:2)
  A gnoll shaman (D:6)
  2 iguanas
  5 orc wizards
  7 worker ants
  Terence (D:2)
  Robin (D:3)
  A worker ant zombie (D:7)
  13 gnolls
  3 adders
  A shadow imp (D:7)
  An ooze (D:6)
  An adder skeleton (D:4)
  8 worms
  3 dart slugs
  A leopard gecko (D:4)
  27 orcs
  6 bats
  6 giant cockroaches
  9 hobgoblins
  10 jackals
  9 kobolds
  A quokka (D:8)
  3 ball pythons
  A ball python skeleton (D:5)
  7 frilled lizards
  21 goblins
  2 leopard gecko zombies
  A quokka zombie (D:6)
  7 rats
191 creatures vanquished.

Notes
Turn   | Place    | Note
-------+----------+-------------------------------------------
     0 | D:1      | froobite the Minotaur Berserker began the quest for the Orb.
     0 | D:1      | Reached XP level 1. HP: 19/19 MP: 0/0
   191 | D:1      | Reached XP level 2. HP: 14/27 MP: 1/1
   438 | D:1      | Reached skill level 4 in Maces & Flails
   756 | D:1      | Reached XP level 3. HP: 33/33 MP: 2/2
   793 | D:2      | Noticed Jessica
   799 | D:2      | Killed Jessica
   799 | D:2      | Reached ** piety under Trog
   863 | D:2      | Found Gozag's Platinum Reserve.
   927 | D:2      | Reached XP level 4. HP: 38/41 MP: 3/3
  1015 | D:2      | Found an opulent altar of Gozag.
  1261 | D:2      | Found a glowing silver altar of Zin.
  1355 | D:2      | Noticed Terence
  1367 | D:2      | Killed Terence
  1751 | D:3      | Noticed Robin
  1762 | D:3      | Killed Robin
  1762 | D:3      | Reached skill level 5 in Maces & Flails
  1793 | D:3      | Reached XP level 5. HP: 44/47 MP: 4/4
  1981 | D:3      | Reached *** piety under Trog
  2360 | D:4      | Found a shadowy altar of Dithmenos.
  2380 | D:4      | Reached skill level 5 in Fighting
  2405 | D:4      | Noticed an ogre
  2421 | D:4      | Killed an ogre
  2421 | D:4      | Reached XP level 6. HP: 17/56 MP: 5/5
  2545 | D:4      | Reached skill level 6 in Maces & Flails
  2687 | D:4      | Reached skill level 7 in Maces & Flails
  2692 | D:4      | Reached XP level 7. HP: 61/62 MP: 6/6
  2807 | D:4      | Found a snail-covered altar of Cheibriados.
  3104 | D:5      | Entered Level 5 of the Dungeon
  3107 | D:5      | Noticed Edmund
  3109 | D:5      | Noticed Eustachio
  3126 | D:5      | Killed Edmund
  3126 | D:5      | Reached skill level 5 in Armour
  3135 | D:5      | Reached **** piety under Trog
  3191 | D:5      | Killed Eustachio
  3191 | D:5      | Reached skill level 8 in Maces & Flails
  3191 | D:5      | Reached skill level 1 in Throwing
  3264 | D:5      | Found Vuffasch's Antique Weapon Boutique.
  3390 | D:5      | Reached XP level 8. HP: 69/71 MP: 7/7
  3780 | D:6      | Reached skill level 9 in Maces & Flails
  3843 | D:6      | Noticed Blork the orc
  3849 | D:6      | Killed Blork the orc
  3868 | D:6      | Found a staircase to the Ecumenical Temple.
  4413 | D:6      | Noticed Duvessa
  4413 | D:6      | Noticed Dowan
  4420 | D:6      | Killed Duvessa
  4420 | D:6      | Reached skill level 10 in Maces & Flails
  4426 | D:6      | Killed Dowan
  4520 | D:6      | Reached XP level 9. HP: 79/79 MP: 8/8
  4525 | D:6      | Reached ***** piety under Trog
  5346 | D:8      | Found a sacrificial altar of Ru.
  5425 | D:8      | Noticed a death yak
  5427 | D:8      | Noticed a death yak
  5435 | D:8      | Noticed a death yak
  5446 | D:8      | HP: 3/81 [worker ant (3)]
  5464 | D:8      | Slain by a hell rat

Skill      XL: |  1  2  3  4  5  6  7  8  9 |
---------------+----------------------------+-----
Maces & Flails | 4 5 7 8 10 | 10.8
Fighting       | 4 5 6 7 8 |  8.2
Armour         | 3 4 5 6 7 |  7.7
Dodging        | 3 4 |  4.8
Throwing       | 1 |  1.2
Stealth        | |  0.5

Action                   |  1- 3 |  4- 6 |  7- 9 || total
-------------------------+-------+-------+-------++-------
Melee: Mace              |    53 |   142 |   330 ||   525
       Headbutt          |    11 |    24 |    69 ||   104
Throw: Tomahawk          |     6 |     7 |     6 ||    19
Invok: Berserk           |       |     2 |     5 ||     7
       Trog's Hand       |       |       |     2 ||     2
       Burn Spellbooks   |       |       |     1 ||     1
  Use: Scroll            |     3 |    10 |     7 ||    20
       Potion            |       |       |     6 ||     6
  Eat: Chunk             |       |     4 |     1 ||     5
       Bread ration      |       |     1 |     3 ||     4
       Fruit             |       |       |     1 ||     1
       Meat ration       |       |       |     1 ||     1
Armor: Animal skin       |     2 |       |       ||     2
       Chain mail        |    12 |   100 |   230 ||   342
Dodge: Dodged            |    34 |    83 |   219 ||   336
